TOP OF THE 1ST |
Beloit Snappers batting - Pitching for Bowling Green Hot Rods : RHP Miguel Romero
|
Pitching: RHP Miguel Romero
|
|
Batting: RHB Moses Brokken
|
0-0: Ball 1-0: Foul Ball, location: 2F 1-1: SINGLE (Groundball, 5S, EV 68.8 MPH) (infield hit)
|
Batting: SHB Ivan Barry
|
0-0: Ball 1-0: Ball 2-0: Foul Ball, location: 2F 2-1: Foul Ball, location: 2F 2-2: SINGLE (Line Drive, 6D, EV 98.1 MPH) Moses Brokken to second
|
Batting: LHB Jeremy Brammer
|
0-0: Called Strike 0-1: Foul Ball, location: 2F 0-2: Strikes out swinging
|
Batting: RHB Shannon Beck
|
0-0: Called Strike 0-1: Ball 1-1: 3-RUN HOME RUN (Flyball, 7D, EV 97.5 MPH), Distance : 358 ft
|
Batting: RHB Roger Simmons
|
0-0: Ball 1-0: Called Strike 1-1: Foul Ball, location: 2F 1-2: Strikes out swinging
|
Batting: RHB Travis Robinson
|
0-0: Called Strike 0-1: Foul Ball, location: 2F 0-2: Ball 1-2: Strikes out swinging
|
Top of the 1st over - 3 runs, 3 hits, 0 errors, 0 left on base; Beloit 3 - Bowling Green 0 |
BOTTOM OF THE 1ST |
Bowling Green Hot Rods batting - Pitching for Beloit Snappers : RHP Jon Hollman
|
Pitching: RHP Jon Hollman
|
|
Batting: RHB James Huddleston
|
0-0: Foul Ball, location: 2F 0-1: Ball 1-1: Swinging Strike 1-2: Ball 2-2: Strikes out swinging
|
Batting: RHB Alex Diaz
|
0-0: Foul Ball, location: 2F 0-1: Ball 1-1: Called Strike 1-2: Ball 2-2: Ball 3-2: Ground out 5-3 (Groundball, 56S, EV 70.6 MPH)
|
Batting: SHB Joey Pacheco
|
0-0: Called Strike 0-1: Ground out U3 (Groundball, 34S, EV 68.1 MPH)
|
Bottom of the 1st over - 0 runs, 0 hits, 0 errors, 0 left on base; Beloit 3 - Bowling Green 0 |
TOP OF THE 2ND |
Beloit Snappers batting - Pitching for Bowling Green Hot Rods : RHP Miguel Romero
|
Batting: RHB Manny Moron
|
0-0: Called Strike 0-1: Called Strike 0-2: Strikes out looking
|
Batting: SHB Eric Tiehen
|
0-0: Swinging Strike 0-1: Swinging Strike 0-2: Fly out, F5 (Line Drive, 5, EV 65.6 MPH)
|
Batting: RHB Josh Mauer
|
0-0: Ball 1-0: Fly out, F7 (Flyball, 78D, EV 88.1 MPH)
|
Top of the 2nd over - 0 runs, 0 hits, 0 errors, 0 left on base; Beloit 3 - Bowling Green 0 |
BOTTOM OF THE 2ND |
Bowling Green Hot Rods batting - Pitching for Beloit Snappers : RHP Jon Hollman
|
Batting: RHB Antonio Pacheco
|
0-0: Ball 1-0: DOUBLE (Line Drive, 89D, EV 104.4 MPH)
|
Batting: LHB Rich Matthews
|
0-0: Ball 1-0: Called Strike 1-1: Ball 2-1: Fly out, F8 (Flyball, 8RM, EV 90.0 MPH)
|
Batting: RHB Azedine Kirui
|
0-0: Called Strike 0-1: Ball 1-1: Ball 2-1: DOUBLE (Line Drive, 9LM, EV 87.5 MPH) Antonio Pacheco scores
|
Batting: LHB Sean Banks
|
0-0: Called Strike 0-1: Ball 1-1: SINGLE (Line Drive, 8RS, EV 98.1 MPH) Azedine Kirui to third
|
Batting: RHB John Downing
|
0-0: Called Strike 0-1: Ball 1-1: Foul Ball, location: 2F 1-2: Ball 2-2: Fly out, F5 (Popup, 56S, EV 83.1 MPH)
|
Batting: LHB Dan Hunt
|
0-0: Ground out U3 (Groundball, 3L, EV 90.6 MPH)
|
Bottom of the 2nd over - 1 run, 3 hits, 0 errors, 2 left on base; Beloit 3 - Bowling Green 1 |
TOP OF THE 3RD |
Beloit Snappers batting - Pitching for Bowling Green Hot Rods : RHP Miguel Romero
|
Batting: RHB Moses Brokken
|
0-0: Foul Ball, location: 2F 0-1: Ball 1-1: Foul Ball, location: 2F 1-2: Foul Ball, location: 2F 1-2: SOLO HOME RUN (Flyball, 89XD, EV 106.2 MPH), Distance : 386 ft
|
Batting: SHB Ivan Barry
|
0-0: Ball 1-0: Ball 2-0: Ball 3-0: Ground out 5-3 (Groundball, 5, EV 108.8 MPH)
|
Batting: LHB Jeremy Brammer
|
0-0: Called Strike 0-1: Foul Ball, location: 2F 0-2: Ball 1-2: Foul Ball, location: 2F 1-2: Foul Ball, location: 2F 1-2: Foul Ball, location: 2F 1-2: Strikes out swinging
|
Batting: RHB Shannon Beck
|
0-0: Called Strike 0-1: Ball 1-1: Ball 2-1: Ball 3-1: Base on Balls
|
Batting: RHB Roger Simmons
|
0-0: Called Strike 0-1: Foul Ball, location: 2F 0-2: Foul Ball, location: 2F 0-2: Strikes out looking
|
Top of the 3rd over - 1 run, 1 hit, 0 errors, 1 left on base; Beloit 4 - Bowling Green 1 |
BOTTOM OF THE 3RD |
Bowling Green Hot Rods batting - Pitching for Beloit Snappers : RHP Jon Hollman
|
Batting: RHB James Huddleston
|
0-0: SINGLE (Line Drive, 4MD, EV 106.9 MPH)
|
Batting: RHB Alex Diaz
|
0-0: Ball 1-0: Called Strike 1-1: Called Strike 1-2: Ball 2-2: Strikes out looking
|
Batting: SHB Joey Pacheco
|
0-0: Called Strike 0-1: Called Strike 0-2: Fly out, F8 (Flyball, 8RD, EV 100.0 MPH)
|
Batting: RHB Antonio Pacheco
|
0-0: Called Strike 0-1: Ball 1-1: Called Strike 1-2: Ball 2-2: DOUBLE (Flyball, 8RXD, EV 98.8 MPH) James Huddleston to third Runner from 3rd tries for Home, SAFE, throw by CF to home
|
Batting: LHB Rich Matthews
|
0-0: Ball 1-0: Ball 2-0: Called Strike 2-1: Ball 3-1: Called Strike 3-2: Strikes out looking
|
Bottom of the 3rd over - 1 run, 2 hits, 0 errors, 1 left on base; Beloit 4 - Bowling Green 2 |
TOP OF THE 4TH |
Beloit Snappers batting - Pitching for Bowling Green Hot Rods : RHP Miguel Romero
|
Batting: RHB Travis Robinson
|
0-0: Ground out 4-3 (Groundball, 4M, EV 90.0 MPH)
|
Batting: RHB Manny Moron
|
0-0: Ball 1-0: Called Strike 1-1: Foul Ball, location: 2F 1-2: Ball 2-2: Strikes out swinging
|
Batting: SHB Eric Tiehen
|
0-0: Called Strike 0-1: Ground out 5-3 (Groundball, 56S, EV 71.9 MPH)
|
Top of the 4th over - 0 runs, 0 hits, 0 errors, 0 left on base; Beloit 4 - Bowling Green 2 |
BOTTOM OF THE 4TH |
Bowling Green Hot Rods batting - Pitching for Beloit Snappers : RHP Jon Hollman
|
Batting: RHB Azedine Kirui
|
0-0: DOUBLE (Line Drive, 5D, EV 98.8 MPH)
|
Batting: LHB Sean Banks
|
0-0: Called Strike 0-1: Ball 1-1: Ball 2-1: Foul Ball, location: 2F 2-2: Foul Ball, location: 2F 2-2: Strikes out swinging
|
Batting: RHB John Downing
|
0-0: Called Strike 0-1: Ball 1-1: Fly out, F7 (Flyball, 78D, EV 110.0 MPH)
|
Batting: LHB Dan Hunt
|
0-0: Ground out 5-3 (Groundball, 56S, EV 66.2 MPH)
|
Bottom of the 4th over - 0 runs, 1 hit, 0 errors, 1 left on base; Beloit 4 - Bowling Green 2 |
TOP OF THE 5TH |
Beloit Snappers batting - Pitching for Bowling Green Hot Rods : RHP Miguel Romero
|
Batting: RHB Josh Mauer
|
0-0: Ball 1-0: Ball 2-0: Foul Ball, location: 2F 2-1: Ball 3-1: Ground out 5-3 (Groundball, 25, EV 91.2 MPH)
|
Batting: RHB Moses Brokken
|
0-0: Called Strike 0-1: Swinging Strike 0-2: Strikes out swinging, 2-3 out at first.
|
Batting: SHB Ivan Barry
|
0-0: Foul Ball, location: 2F 0-1: Ball 1-1: Ball 2-1: Foul Ball, location: 2F 2-2: DOUBLE (Groundball, 3L, EV 99.4 MPH)
|
Batting: LHB Jeremy Brammer
|
0-0: Ball 1-0: Called Strike 1-1: Foul Ball, location: 2F 1-2: Strikes out swinging
|
Top of the 5th over - 0 runs, 1 hit, 0 errors, 1 left on base; Beloit 4 - Bowling Green 2 |
BOTTOM OF THE 5TH |
Bowling Green Hot Rods batting - Pitching for Beloit Snappers : RHP Jon Hollman
|
Batting: RHB James Huddleston
|
0-0: Ball 1-0: Foul Ball, location: 2F 1-1: Ball 2-1: SINGLE (Groundball, 56D, EV 97.5 MPH)
|
Batting: RHB Alex Diaz
|
0-0: Called Strike 0-1: Grounds into double play, 5-4-3 (Groundball, 56, EV 101.2 MPH)
|
Batting: SHB Joey Pacheco
|
0-0: Called Strike 0-1: Fly out, F7 (Flyball, 7LSF, EV 95.0 MPH)
|
Bottom of the 5th over - 0 runs, 1 hit, 0 errors, 0 left on base; Beloit 4 - Bowling Green 2 |
TOP OF THE 6TH |
Beloit Snappers batting - Pitching for Bowling Green Hot Rods : RHP Miguel Romero
|
Batting: RHB Shannon Beck
|
0-0: Ball 1-0: Swinging Strike 1-1: Foul Ball, location: 2F 1-2: Strikes out swinging
|
Batting: RHB Roger Simmons
|
0-0: Foul Ball, location: 2F 0-1: Foul Ball, location: 2F 0-2: SOLO HOME RUN (Flyball, 7D, EV 99.4 MPH), Distance : 375 ft
|
Pitching: RHP Dumadi Kawilarang
|
|
Batting: RHB Travis Robinson
|
0-0: Swinging Strike 0-1: Ball 1-1: Ground out 5-3 (Groundball, 5, EV 90.6 MPH)
|
Batting: RHB Manny Moron
|
0-0: Swinging Strike 0-1: Ball 1-1: Ball 2-1: Foul Ball, location: 2F 2-2: Foul Ball, location: 2F 2-2: Strikes out swinging
|
Top of the 6th over - 1 run, 1 hit, 0 errors, 0 left on base; Beloit 5 - Bowling Green 2 |
BOTTOM OF THE 6TH |
Bowling Green Hot Rods batting - Pitching for Beloit Snappers : RHP Jon Hollman
|
Batting: RHB Antonio Pacheco
|
0-0: Ground out 6-3 (Groundball, 56, EV 108.8 MPH)
|
Batting: LHB Rich Matthews
|
0-0: Ball 1-0: Foul Ball, location: 2F 1-1: Ground out 4-3 (Groundball, 4M, EV 88.8 MPH)
|
Batting: RHB Azedine Kirui
|
0-0: DOUBLE (Line Drive, 3D, EV 99.4 MPH)
|
Batting: LHB Sean Banks
|
0-0: Ball 1-0: Foul Ball, location: 2F 1-1: Foul Ball, location: 2F 1-2: Ball 2-2: SINGLE (Groundball, 4MD, EV 94.4 MPH) Azedine Kirui to third Throwing error, E8 Azedine Kirui scores Sean Banks to second
|
Pitching: RHP Terry Evans
|
|
Batting: RHB John Downing
|
0-0: Ball 1-0: Ball 2-0: Ball 3-0: Called Strike 3-1: Called Strike 3-2: Foul Ball, location: 2F 3-2: Foul Ball, location: 2F 3-2: Strikes out swinging
|
Bottom of the 6th over - 1 run, 2 hits, 1 error, 1 left on base; Beloit 5 - Bowling Green 3 |
TOP OF THE 7TH |
Beloit Snappers batting - Pitching for Bowling Green Hot Rods : RHP Dumadi Kawilarang
|
Batting: SHB Eric Tiehen
|
0-0: Ball 1-0: Ground out 4-3 (Groundball, 4, EV 87.5 MPH)
|
Batting: RHB Josh Mauer
|
0-0: Called Strike 0-1: Foul Ball, location: 2F 0-2: Foul Ball, location: 2F 0-2: Ball 1-2: Ground out 5-3 (Groundball, 56, EV 92.5 MPH)
|
Batting: RHB Moses Brokken
|
0-0: Ball 1-0: Swinging Strike 1-1: Ball 2-1: Foul Ball, location: 2F 2-2: Strikes out swinging
|
Top of the 7th over - 0 runs, 0 hits, 0 errors, 0 left on base; Beloit 5 - Bowling Green 3 |
BOTTOM OF THE 7TH |
Bowling Green Hot Rods batting - Pitching for Beloit Snappers : RHP Terry Evans
|
Now in RF: Matt Sybrant
|
|
Batting: LHB Dan Hunt
|
0-0: Called Strike 0-1: Ball 1-1: Swinging Strike 1-2: Ball 2-2: Foul Ball, location: 2F 2-2: Strikes out looking
|
Batting: RHB James Huddleston
|
0-0: Ball 1-0: Ball 2-0: SINGLE (Line Drive, 6M, EV 95.0 MPH)
|
Batting: RHB Alex Diaz
|
0-0: Ball 1-0: Ball 2-0: Ball 3-0: Base on Balls James Huddleston to second
|
Batting: SHB Joey Pacheco
|
0-0: Called Strike 0-1: Fielders Choice at 2nd, 1-6 (Groundball, P, EV 75.6 MPH) James Huddleston to third
|
Batting: RHB Antonio Pacheco
|
0-0: Ball Wild Pitch! James Huddleston scores Joey Pacheco to second 1-0: Foul Ball, location: 2F 1-1: DOUBLE (Groundball, 5L, EV 103.1 MPH) Joey Pacheco scores
|
Batting: LHB Rich Matthews
|
0-0: Ball 1-0: SINGLE (Groundball, 34D, EV 109.4 MPH) Antonio Pacheco to third Runner from 3rd tries for Home, SAFE, throw by RF to home
|
Batting: RHB Azedine Kirui
|
0-0: Called Strike 0-1: Called Strike 0-2: Ball 1-2: Ball 2-2: Fly out, F4 (Popup, 4, EV 56.2 MPH)
|
Bottom of the 7th over - 3 runs, 3 hits, 0 errors, 1 left on base; Beloit 5 - Bowling Green 6 |
TOP OF THE 8TH |
Beloit Snappers batting - Pitching for Bowling Green Hot Rods : RHP Dumadi Kawilarang
|
Now at C: James Huddleston
|
|
Now at 2B: Joey Pacheco
|
|
Now at 3B: Eric Waugaman
|
|
Now in LF: Jesse Haddad
|
|
Batting: SHB Ivan Barry
|
0-0: Swinging Strike 0-1: Swinging Strike 0-2: Foul Ball, location: 2F 0-2: Ball 1-2: Ball 2-2: Fly out, F4 (Line Drive, 4, EV 70.0 MPH)
|
Batting: LHB Jeremy Brammer
|
0-0: Ball 1-0: Called Strike 1-1: Fly out, F9 (Flyball, 89M, EV 91.2 MPH)
|
Batting: RHB Shannon Beck
|
0-0: Ball 1-0: Ball 2-0: Called Strike 2-1: Swinging Strike 2-2: Strikes out swinging
|
Top of the 8th over - 0 runs, 0 hits, 0 errors, 0 left on base; Beloit 5 - Bowling Green 6 |
BOTTOM OF THE 8TH |
Bowling Green Hot Rods batting - Pitching for Beloit Snappers : RHP Terry Evans
|
Pitching: LHP Jin-ho Koo
|
|
Batting: LHB Sean Banks
|
0-0: Called Strike 0-1: SINGLE (Groundball, 25, EV 75.6 MPH) (infield hit)
|
Pitching: RHP Scott Voss
|
|
Batting: RHB John Downing
|
0-0: Ball 1-0: Ball 2-0: Called Strike 2-1: Foul Ball, location: 2F 2-2: Ball 3-2: Strikes out swinging
|
Batting: LHB Dan Hunt
|
0-0: Foul Ball, location: 2F 0-1: Ball 1-1: Called Strike 1-2: Ball 2-2: Strikes out swinging
|
Batting: RHB James Huddleston
|
0-0: Ball 1-0: Swinging Strike 1-1: Called Strike 1-2: Strikes out looking
|
Bottom of the 8th over - 0 runs, 1 hit, 0 errors, 1 left on base; Beloit 5 - Bowling Green 6 |
TOP OF THE 9TH |
Beloit Snappers batting - Pitching for Bowling Green Hot Rods : RHP Dumadi Kawilarang
|
Pitching: RHP David Espinosa
|
|
Batting: RHB Roger Simmons
|
0-0: Ground out 4-3 (Groundball, P, EV 81.2 MPH)
|
Batting: RHB Travis Robinson
|
0-0: Ball 1-0: Ball 2-0: Called Strike 2-1: SINGLE (Line Drive, 89S, EV 109.4 MPH)
|
Batting: RHB Manny Moron
|
0-0: Foul Ball, location: 2F 0-1: Ball 1-1: Foul Ball, location: 2F 1-2: 2-RUN HOME RUN (Flyball, 7D, EV 95.0 MPH), Distance : 366 ft
|
Batting: SHB Eric Tiehen
|
0-0: Ball 1-0: Ball 2-0: Ball 3-0: Called Strike 3-1: Ground out 3-1 (Groundball, 34, EV 106.2 MPH)
|
Batting: RHB Josh Mauer
|
0-0: Called Strike 0-1: Foul Ball, location: 2F 0-2: Ball 1-2: Ball 2-2: Ball 3-2: Foul Ball, location: 2F 3-2: Base on Balls
|
Batting: SHB Matt Sybrant
|
Balk! Josh Mauer to second 0-0: Ball 1-0: Called Strike 1-1: Foul Ball, location: 2F 1-2: Strikes out swinging
|
Top of the 9th over - 2 runs, 2 hits, 0 errors, 1 left on base; Beloit 7 - Bowling Green 6 |
BOTTOM OF THE 9TH |
Bowling Green Hot Rods batting - Pitching for Beloit Snappers : RHP Scott Voss
|
Pitching: RHP Ben Jennings
|
|
Batting: RHB Jesse Haddad
|
0-0: Foul Ball, location: 2F 0-1: Swinging Strike 0-2: Hit by Pitch
|
Batting: SHB Joey Pacheco
|
0-0: Called Strike 0-1: Ball 1-1: Foul Ball, location: 2F 1-2: Ball 2-2: Foul Ball, location: 2F 2-2: Foul Ball, location: 2F 2-2: Foul Ball, location: 2F 2-2: Ball 3-2: Foul Ball, location: 2F 3-2: Base on Balls Jesse Haddad to second
|
Batting: RHB Antonio Pacheco
|
0-0: Called Strike 0-1: Foul Ball, location: 2F 0-2: Ball 1-2: Ball 2-2: Strikes out swinging
|
Pinch Hitting: LHB Brian Hollinger
|
0-0: Swinging Strike 0-1: Called Strike 0-2: Ground out 6-3 (Groundball, P, EV 89.4 MPH) Jesse Haddad to third Joey Pacheco to second
|
Batting: RHB Azedine Kirui
|
0-0: Intentional Walk
|
Batting: LHB Sean Banks
|
0-0: Foul Ball, location: 2F 0-1: Foul Ball, location: 2F 0-2: Ball 1-2: Reached via error on a dropped throw from 1B, E1 (Groundball, 34S, EV 82.5 MPH) Jesse Haddad scores Joey Pacheco to third Azedine Kirui to second
|
Batting: RHB John Downing
|
0-0: Ball 1-0: Foul Ball, location: 2F 1-1: Fly out, F8 (Flyball, 8LM, EV 93.8 MPH)
|
Bottom of the 9th over - 1 run, 0 hits, 1 error, 3 left on base; Beloit 7 - Bowling Green 7 |
TOP OF THE 10TH |
Beloit Snappers batting - Pitching for Bowling Green Hot Rods : RHP David Espinosa
|
Pitching: RHP Andres Morales
|
|
Now at 3B: Devin Brown
|
|
Batting: SHB Ivan Barry
|
0-0: Ball 1-0: Foul Ball, location: 2F 1-1: Foul Ball, location: 2F 1-2: Ball 2-2: Ground out 5-3 (Groundball, 5, EV 103.1 MPH)
|
Batting: LHB Jeremy Brammer
|
0-0: Foul Ball, location: 2F 0-1: Ball 1-1: Swinging Strike 1-2: Strikes out swinging
|
Batting: RHB Shannon Beck
|
0-0: Ball 1-0: Foul Ball, location: 2F 1-1: Ball 2-1: Ball 3-1: Foul Ball, location: 2F 3-2: Base on Balls
|
Batting: RHB Roger Simmons
|
0-0: Ball 1-0: Foul Ball, location: 2F 1-1: SINGLE (Groundball, 5S, EV 68.1 MPH) (infield hit) Shannon Beck to second
|
Batting: RHB Travis Robinson
|
0-0: Called Strike 0-1: Ball 1-1: Foul Ball, location: 2F 1-2: Foul Ball, location: 2F 1-2: Ball 2-2: Ball 3-2: Foul Ball, location: 2F 3-2: Ground out U3 (Groundball, 34, EV 85.0 MPH)
|
Top of the 10th over - 0 runs, 1 hit, 0 errors, 2 left on base; Beloit 7 - Bowling Green 7 |
BOTTOM OF THE 10TH |
Bowling Green Hot Rods batting - Pitching for Beloit Snappers : RHP Ben Jennings
|
Batting: LHB Dan Hunt
|
0-0: Called Strike 0-1: Ball 1-1: Ground out U3 (Groundball, 3L, EV 87.5 MPH)
|
Batting: RHB James Huddleston
|
0-0: Ball 1-0: Fly out, F8 (Line Drive, 8LM, EV 106.9 MPH)
|
Batting: RHB Jesse Haddad
|
0-0: Foul Ball, location: 2F 0-1: Ball 1-1: Ball 2-1: Fly out, F4 (Popup, 23, EV 89.4 MPH)
|
Bottom of the 10th over - 0 runs, 0 hits, 0 errors, 0 left on base; Beloit 7 - Bowling Green 7 |
TOP OF THE 11TH |
Beloit Snappers batting - Pitching for Bowling Green Hot Rods : RHP Andres Morales
|
Batting: RHB Manny Moron
|
0-0: Called Strike 0-1: Swinging Strike 0-2: Foul Ball, location: 2F 0-2: Hit by Pitch
|
Batting: SHB Eric Tiehen
|
0-0: Bunted foul 0-1: Bunt missed! 0-2: Ball 1-2: Foul Ball, location: 2F 1-2: Fielders Choice at 2nd, 4-6 (Groundball, 4, EV 85.6 MPH)
|
Pitching: RHP Jesse Rosa
|
|
Batting: RHB Josh Mauer
|
0-0: Ball 1-0: Foul Ball, location: 2F 1-1: Ball 2-1: Grounds into double play, 5-4-3 (Groundball, 56S, EV 80.6 MPH)
|
Top of the 11th over - 0 runs, 0 hits, 0 errors, 0 left on base; Beloit 7 - Bowling Green 7 |
BOTTOM OF THE 11TH |
Bowling Green Hot Rods batting - Pitching for Beloit Snappers : RHP Ben Jennings
|
Pitching: RHP John Moreschi
|
|
Batting: SHB Joey Pacheco
|
0-0: Ball 1-0: SINGLE (Groundball, 25, EV 74.4 MPH) (infield hit)
|
Batting: RHB Antonio Pacheco
|
0-0: Ball 1-0: Ball 2-0: Ball 3-0: Called Strike 3-1: Fielders Choice at 2nd, 4-6 (Groundball, P, EV 79.4 MPH)
|
Batting: RHB Devin Brown
|
0-0: Ball 1-0: Called Strike 1-1: Ball Wild Pitch! Antonio Pacheco to second 2-1: Foul Ball, location: 2F 2-2: Strikes out swinging
|
Batting: RHB Azedine Kirui
|
0-0: Intentional Walk
|
Batting: LHB Sean Banks
|
0-0: Called Strike 0-1: Swinging Strike 0-2: Strikes out swinging
|
Bottom of the 11th over - 0 runs, 1 hit, 0 errors, 2 left on base; Beloit 7 - Bowling Green 7 |
TOP OF THE 12TH |
Beloit Snappers batting - Pitching for Bowling Green Hot Rods : RHP Jesse Rosa
|
Batting: SHB Matt Sybrant
|
0-0: Ball 1-0: Foul Ball, location: 2F 1-1: Foul Ball, location: 2F 1-2: Fly out, F8 (Flyball, 8RD, EV 104.4 MPH)
|
Batting: SHB Ivan Barry
|
0-0: Foul Ball, location: 2F 0-1: Fly out, F9 (Flyball, 89S, EV 73.1 MPH)
|
Batting: LHB Jeremy Brammer
|
0-0: Ball 1-0: SOLO HOME RUN (Flyball, 89XD, EV 101.2 MPH), Distance : 401 ft
|
Batting: RHB Shannon Beck
|
0-0: Ball 1-0: Foul Ball, location: 2F 1-1: Foul Ball, location: 2F 1-2: Strikes out looking
|
Top of the 12th over - 1 run, 1 hit, 0 errors, 0 left on base; Beloit 8 - Bowling Green 7 |
BOTTOM OF THE 12TH |
Bowling Green Hot Rods batting - Pitching for Beloit Snappers : RHP John Moreschi
|
Batting: RHB John Downing
|
0-0: Ball 1-0: Called Strike 1-1: Ball 2-1: Foul Ball, location: 2F 2-2: Ball 3-2: Strikes out swinging
|
Batting: LHB Dan Hunt
|
0-0: Ball 1-0: Fly out, F8 (Flyball, 89D, EV 100.0 MPH)
|
Batting: RHB James Huddleston
|
0-0: Ball 1-0: Swinging Strike 1-1: Swinging Strike 1-2: Strikes out swinging
|
Bottom of the 12th over - 0 runs, 0 hits, 0 errors, 0 left on base; Beloit 8 - Bowling Green 7 |
|